Cogmind - Beta 14 @@@ ROGUE MODE // 2024.09.03 @ 11:40:53 Player: Bardic Entropy Result: Self-destructed Performance ------------- Evolutions (1) 500 Regions Visited (3) 600 Robots Destroyed (34) 170 Value Destroyed (712) 712 Prototype IDs (2) 40 Alien Tech Used (0) 0 Bonus (0) 0 TOTAL SCORE: 2022 Bonus ------- None Cogmind --------- Core Integrity 369/400 Matter 284/300 Energy 265/265 System Corruption 0% Temperature Cool (26) Movement Treading (160) Location -9/Materials Parts ------- > --- POWER (1) -------- Improved Ion Engine > --- PROPULSION (2) --- Light Treads Light Treads > --- UTILITY (2) ------ Large Storage Unit Signal Interpreter > --- WEAPON (4) ------- Advanced Beam Cannon Heavy Assault Rifle Heavy Assault Rifle > --- INVENTORY (15) --- Light Treads Light Treads Light Treads Wheel High-capacity Storage Unit High-capacity Matter Pod (200) Structural Scanner Sensor Array Experimental Sensor Array Seismic Detector Assault Rifle Light Assault Rifle Light Assault Rifle Rocket Launcher Hammer Peak State ------------ > --- POWER ------------ Improved Ion Engine > --- PROPULSION ------- Light Treads Wheel > --- UTILITY ---------- Large Storage Unit Experimental Sensor Array > --- WEAPON ----------- Beam Cannon Heavy Assault Rifle > --- INVENTORY -------- Light Treads Light Treads High-capacity Storage Unit High-capacity Matter Pod Sensor Array Signal Interpreter Seismic Detector Assault Rifle Assault Rifle Light Assault Rifle Light Assault Rifle Rocket Launcher [Rating: 18] Favorites ----------- Power Light Ion Engine Engine Light Ion Engine Propulsion Light Treads Treads Light Treads Wheel Wheel Utility Seismic Detector Device Seismic Detector Storage Large Storage Unit Processor Signal Interpreter Weapon Assault Rifle Energy Cannon Beam Cannon Ballistic Gun Assault Rifle Build | -11 -10 -10 -9 ------- Run | Yrd Mat Min Mat Slots Evolved 2 | . . . 2 Power . | . . . . Propulsion . | . . . . Utility . | . . . . Weapon 2 | . . . 2 Parts Attached 40 | 7 11 9 13 Power 6 | 1 3 1 1 Engine 6 | 1 3 1 1 Core . | . . . . Reactor . | . . . . Propulsion 11 | 2 3 2 4 Treads 8 | 1 1 2 4 Leg . | . . . . Wheel 3 | 1 2 . . Hover . | . . . . Flight . | . . . . Utility 7 | 2 2 2 1 Device 3 | 1 . 2 . Storage 3 | 1 2 . . Processor 1 | . . . 1 Hackware . | . . . . Protection . | . . . . Artifact . | . . . . Weapon 16 | 2 3 4 7 Energy Gun . | . . . . Energy Cannon 2 | . . 1 1 Ballistic Gun 14 | 2 3 3 6 Ballistic Cannon . | . . . . Launcher . | . . . . Special Weapon . | . . . . Impact Weapon . | . . . . Slashing Weapon . | . . . . Piercing Weapon . | . . . . Special Melee Weapon . | . . . . Unidentified Prototypes 2 | . . 1 1 Parts Lost 6 | . 2 3 1 Power 2 | . 1 1 . Propulsion 2 | . 1 1 . Utility . | . . . . Weapon 2 | . . 1 1 Highest Loss Streak 2 | . 2 2 1 To Critical Strikes . | . . . . Average Slot Usage (%) 97 | . 96 98 93 Engine 13 | . 13 13 11 Treads 14 | . 12 13 20 Wheel 12 | . 13 14 1 Device 13 | . 14 14 8 Storage 13 | . 14 14 11 Energy Cannon 5 | . . 11 11 Ballistic Gun 22 | . 26 16 26 Peak Build Rating 18 | 7 8 18 16 Average Rating 9 | 5 7 12 15 On Entrance 6 | . 7 7 11 Naked Turns . | . . . . Heaviest Build 40 | 12 30 34 40 Greatest Support 40 | 10 20 20 40 Greatest Overweight (x) 3 | 1 2 3 3 Average Overweight (x) 1 | . 1 2 . Largest Inventory Capacity 15 | 8 15 15 15 Average Capacity 13 | 7 12 15 15 Most Carried 15 | 2 12 14 15 Average Carried 10 | 1 9 10 13 Final Capacity 15 | 8 15 15 15 Final Carried 15 | 2 9 14 15 Class Distribution -------------------- 87% | Mutant 11% | Scavenger-Gunner Dominant Class ---------------- Mutant | -10/Materials Mutant | -10/Mines Scavenger-Gunner | -9/Materials Resources | -11 -10 -10 -9 ----------- Run | Yrd Mat Min Mat Matter Collected 1313 | 264 443 396 210 Remotely . | . . . . Salvage Created 1239 | 92 560 205 382 Parts 92 | 7 43 14 28 Haulers Intercepted 2 | . 2 . . Recyclers Shooed 4 | 1 1 . 2 Parts Field Recycled . | . . . . Retrieved Matter . | . . . . Parts Self-Destructed . | . . . . Prevented . | . . . . Kills | -11 -10 -10 -9 ------- Run | Yrd Mat Min Mat Combat Hostiles Destroyed 21 | . 12 5 4 Guns 16 | . 12 4 . Cannons 5 | . . 1 4 Classes Destroyed 8 | 2 5 1 . Builder 2 | . 1 . 1 Tunneler 1 | 1 . . . Hauler 2 | . 2 . . Recycler 4 | 1 1 . 2 Watcher 4 | . 3 . 1 Swarmer 8 | . 6 1 1 Grunt 8 | . 6 2 . Sentry 5 | . . 2 3 Best Kill Streak 5 | 2 3 2 5 Combat Bots Only 3 | . 3 2 2 Max Kills in Single Turn 1 | 1 1 1 1 Gunslinging . | . . . . Exploded . | . . . . Melee . | . . . . Uniques/NPCs Destroyed . | . . . . Combat | -11 -10 -10 -9 -------- Run | Yrd Mat Min Mat Hostile Shots Fired 122 | . 48 45 29 Missed 30 | . 11 12 7 Damage Taken 1201 | . 437 486 278 Core 185 | . 81 73 31 Absorbed by Shields . | . . . . Regen/Repaired (Parts) 44 | . 44 . . Core Remaining (%) 69 | 100 . 38 . Volleys Fired 111 | 7 66 24 14 Largest 4 | 2 2 2 4 Hottest 134 | 40 40 80 134 Shots Fired 224 | 14 117 46 47 Gun 197 | 14 117 33 33 Cannon 27 | . . 13 14 Launcher . | . . . . Special . | . . . . Kinetic 197 | 14 117 33 33 Thermal 27 | . . 13 14 Explosive . | . . . . Electromagnetic . | . . . . Robot Hit Streak 12 | 3 10 10 12 Robot Miss Streak 3 | 1 3 1 2 Penetration Max . | . . . . Secondary Targets 1 | . . 1 . Max Gunslinging Chain 1 | . . 1 . Shots Hit Robots 139 | 8 71 35 25 Core Hits 52 | 3 29 10 10 Critical Kills 1 | . 1 . . Critical Parts Destroyed 3 | 1 1 1 . Critical Strikes 4 | 1 2 1 . Destroy 4 | 1 2 1 . Melee Attacks . | . . . . Impact . | . . . . Slashing . | . . . . Piercing . | . . . . Sneak Attacks . | . . . . Combat Hostiles . | . . . . Follow-up Attacks . | . . . . Damage Inflicted 1937 | 93 906 478 460 Guns 1596 | 93 906 304 293 Cannons 341 | . . 174 167 Explosions . | . . . . Melee . | . . . . Ramming . | . . . . Kinetic 1596 | 93 906 304 293 Thermal 341 | . . 174 167 Explosive . | . . . . Electromagnetic . | . . . . Impact . | . . . . Slashing . | . . . . Piercing . | . . . . Highest Corruption . | . . . . Average Corruption . | . . . . Corruption Purged . | . . . . Corruption Blocked . | . . . . Overload Shots . | . . . . Overflow Damage . | . . . . Projectiles . | . . . . Explosions . | . . . . Melee . | . . . . Knockbacks . | . . . . Impact . | . . . . Kinetic . | . . . . Secondary . | . . . . Self-Inflicted Damage . | . . . . Shots . | . . . . Rammed . | . . . . Targets Rammed . | . . . . Kicked . | . . . . Crushed . | . . . . Highest Temperature 255 | . . 145 255 Average Temperature 97 | . . 70 116 Received Heat Transfer 468 | . 192 204 72 Siege Activations . | . . . . Robots Corrupted . | . . . . Combat Hostiles . | . . . . Parts Fried . | . . . . Impact Corruptions . | . . . . Robots Melted . | . . . . Combat Hostiles . | . . . . Parts Melted 2 | . . 1 1 Heat Transferred 666 | . . 370 296 Parts Sabotaged . | . . . . Parts Stolen . | . . . . Parts Stripped . | . . . . Power Chain Reactions . | . . . . Alert | -11 -10 -10 -9 ------- Run | Yrd Mat Min Mat Peak Influence 194 | 10 194 174 170 Initial 39 | . 6 39 . Average 72 | 2 75 72 78 Maximum Alert Level . | . . . . Low Security (%) 100 | 100 100 100 100 Level 1 . | . . . . Level 2 . | . . . . Level 3 . | . . . . Level 4 . | . . . . Level 5 . | . . . . High Security . | . . . . Max Security . | . . . . Squads Dispatched 6 | . 5 . 1 Investigation 3 | . 3 . . Extermination . | . . . . Reinforcement 3 | . 2 . 1 Assault . | . . . . Garrison . | . . . . Intercept . | . . . . Searches Triggered . | . . . . Construction Impeded . | . . . . Haulers Reinforced . | . . . . Active Scanning Responses . | . . . . Cargo Convoy Interrupts . | . . . . Stealth | -11 -10 -10 -9 --------- Run | Yrd Mat Min Mat Distress Signals . | . . . . Communications Jammed . | . . . . Distress Signals . | . . . . Times Spotted 40 | . 23 7 10 Peak Tracking Total 6 | . 3 5 6 Tactical Retreats 6 | . 3 3 . Traps | -11 -10 -10 -9 ------- Run | Yrd Mat Min Mat Traps Triggered 5 | . 5 . . Indirectly . | . . . . Trap Hack Attempts . | . . . . Triggered . | . . . . Disarmed . | . . . . Reprogrammed . | . . . . Reused . | . . . . Traps Extracted . | . . . . Installed . | . . . . Triggered . | . . . . Machines | -11 -10 -10 -9 ---------- Run | Yrd Mat Min Mat Machines Disabled . | . . . . Max in Single Turn . | . . . . Machines Repaired . | . . . . Machines Dismantled . | . . . . Machines Sabotaged . | . . . . Overloaded Fab Kills . | . . . . Hacking | -11 -10 -10 -9 --------- Run | Yrd Mat Min Mat Machines Accessed 13 | . 9 1 3 Terminals 9 | . 7 1 1 Fabricators . | . . . . Repair Stations 1 | . 1 . . Recycling Units 3 | . 1 . 2 Scanalyzers . | . . . . Garrison Access . | . . . . Total Hacks 32 | . 25 2 5 Successful 22 | . 19 1 2 Failed 10 | . 6 1 3 Catastrophic 1 | . . 1 . Database Lockouts . | . . . . Manual 27 | . 22 2 3 Terminals 25 | . 21 2 2 Fabricators . | . . . . Repair Stations 2 | . 2 . . Recycling Units 5 | . 2 . 3 Scanalyzers . | . . . . Garrison Access . | . . . . Terminal Hacks 2 | . 2 . . Robot Analysis 2 | . 2 . . Fabricator Hacks . | . . . . Repair Station Hacks 2 | . 2 . . Scan Component 1 | . 1 . . Repair 1 | . 1 . . Recycling Unit Hacks 3 | . 1 . 2 Report Inventory 3 | . 1 . 2 Scanalyzer . | . . . . Garrison Access Hacks . | . . . . Unauthorized Hacks 14 | . 13 1 . Terminals 13 | . 12 1 . Botnet 8 | . 7 1 . Skim 5 | . 5 . . Fabricators . | . . . . Repair Stations . | . . . . Recycling Units 1 | . 1 . . Tunnel 1 | . 1 . . Scanalyzers . | . . . . Garrison Access . | . . . . Data Cores Recovered . | . . . . Used . | . . . . Hacking Detections 11 | . 8 1 2 Full Trace Events 1 | . 1 . . Feedback Events . | . . . . Feedback Blocked . | . . . . Robot Schematics Acquired . | . . . . Robots Built . | . . . . Authchips . | . . . . Time . | . . . . Total Robot Build Rating . | . . . . Part Schematics Acquired . | . . . . Parts Built . | . . . . Authchips . | . . . . Time . | . . . . Total Part Build Rating . | . . . . Parts Repaired 1 | . 1 . . Time 26 | . 26 . . Parts Recycled . | . . . . Recycled Matter . | . . . . Retrieved Matter . | . . . . Retrieved Components . | . . . . Parts Scanalyzed . | . . . . Part Schematics Acquired . | . . . . Parts Damaged . | . . . . Bothacking | -11 -10 -10 -9 ------------ Run | Yrd Mat Min Mat Used RIF Installer . | . . . . Robots Hacked . | . . . . Non-combat . | . . . . Combat . | . . . . Robot Hacks Applied . | . . . . Relay Couplers Released . | . . . . Fabnet Peak Effective % . | . . . . Robots Rewired . | . . . . Allies Hacked . | . . . . Hacks Repelled . | . . . . Allies | -11 -10 -10 -9 -------- Run | Yrd Mat Min Mat Total Allies . | . . . . Largest Group . | . . . . Highest-Rated Group . | . . . . Highest-Rated Ally . | . . . . Total Orders . | . . . . Ally Attacks . | . . . . Total Damage . | . . . . Kills . | . . . . Allies Corrupted . | . . . . Allies Melted . | . . . . Intel | -11 -10 -10 -9 ------- Run | Yrd Mat Min Mat Robot Analysis Total 2 | . 2 . . Derelict Logs Recovered 1 | . . 1 . Drone Launches . | . . . . Drone Recoveries . | . . . . Exploration | -11 -10 -10 -9 ------------- Run | Yrd Mat Min Mat Turns Passed 2729 | 78 1375 948 328 Spaces Moved 1806 | 51 941 669 145 Core 1 | 1 . . . Treads 138 | . 24 7 107 Legs . | . . . . Wheels 1667 | 50 917 662 38 Hover . | . . . . Flight . | . . . . Fastest Speed 50 | 50 95 110 125 Average Speed 115 | 90 105 123 150 Slowest Speed 240 | 95 160 240 160 Overloaded Moves . | . . . . Propulsion Burnouts . | . . . . Robots Hopped . | . . . . Cave-ins Triggered . | . . . . Exploration Rate (%) 53 | 4 98 94 18 Regions Visited 3 Branch Regions 1 Pre-discovered Areas 2 | . 1 1 . Known Exits Taken . | . . . . Unknown Exits Taken 3 | 1 1 1 . Scrap Searched 1 | . . 1 . Spaces Dug . | . . . . Terrain Destroyed . | . . . . Melee . | . . . . Projectile . | . . . . AOE . | . . . . Terrain Rammed . | . . . . Walls Destroyed . | . . . . Machines Disabled . | . . . . Actions | -11 -10 -10 -9 --------- Run | Yrd Mat Min Mat Total 2233 | 66 1210 738 219 Wait 242 | . 170 31 41 Move 1803 | 50 940 668 145 Hop . | . . . . Pick Up 23 | 2 14 5 2 Fast Attach 12 | 7 3 2 . Attach 7 | . 3 1 3 Detach . | . . . . Swap 21 | . 5 6 10 Drop 14 | . 9 1 4 Fire 111 | 7 66 24 14 Melee . | . . . . Ram . | . . . . Kick . | . . . . Crush . | . . . . Escape Stasis . | . . . . Rewire . | . . . . Trap . | . . . . Miscellaneous . | . . . . Route ------- -11/Scrapyard -10/Materials (discovered 4 exits: *Mat x3 / *Min) -10/Mines (discovered 3 exits: *Mat x2 / [*Sub]) -9/Materials (discovered 1 exit: *Min) History --------- Turn | Location | Event 2 | -11/Scrapyard | Met Revision 17 11 | -11/Scrapyard | Discovered new exit (range 15) 79 | -11/Scrapyard | Entered Materials 250 | -10/Materials | Discovered new exit (range 16) 303 | -10/Materials | Build established: Mutant 465 | -10/Materials | Repaired Assault Rifle 553 | -10/Materials | Discovered new exit (range 9) 788 | -10/Materials | Discovered new exit (range 15) 1396 | -10/Materials | Discovered new exit (range 16) 1454 | -10/Materials | Entered Mines 1745 | -10/Mines | Discovered new exit (range 11) 1856 | -10/Mines | Received a Rocket Launcher from a helpful Derelict 1914 | -10/Mines | Found a damaged Exp. Sensor Array with a note attached 1916 | -10/Mines | Found Prototype Device 1917 | -10/Mines | Identified Exp. Sensor Array 2086 | -10/Mines | Core integrity fell below 50% 2285 | -10/Mines | Discovered new exit (range 3) 2384 | -10/Mines | Discovered new exit (range 12) 2402 | -10/Mines | Entered Materials 2402 | -9/Materials | Evolved 2 slots: Weapon x2 2526 | -9/Materials | Discovered new exit (range 16) 2653 | -9/Materials | Identified exit to Mines 2728 | -9/Materials | Build established: Scavenger-Gunner 2730 | -9/Materials | Self-destructed Last Messages --------------- 02585_ Acquired 14 matter. 02585_ U-05 Engineer builds a Door. 02586_ U-05 Engineer destroyed. 02587_ Acquired 6 matter. 02589_ W-16 Scout destroyed. 02590_ Acquired 6 matter. 02601_ Dropped Lgt. Treads. 02604_ Acquired 20 matter. 02614_ Acquired Structural Scanner. 02624_ R-06 Scavenger destroyed. 02628_ Acquired 12 matter. 02635_ K-01 Serf collects debris. 02653_ EXIT=IDENTIFIED: MINES 02664_ K-01 Serf collects debris. 02690_ Connecting with Terminal... 02706_ O-16 Technician: "IFF HANDSHAKE FAILED. SECURING TERMINAL." 02708_ ALERT: Hostiles spotted, dispatching reinforcements to Terminal M005. 02717_ Connecting with Terminal... 02726_ S-10 Pest destroyed. Map ----- +----------------------------------------------------+ | #!%%#?# ##+########??????##?????????????? | | =!! *#!*!#?# # #????? ?????????????? | | =!!!=+%]=#?# # #???? #??????????????? | | !!! =#% #?# # #??? #??????????????? | | =# #?# # #?## #??????????????? | | # #?# ######+##+## #??????????????? | | ####### #?# #????# ### ??????????? | | ??????# #?# #????# / ?????????? | | ??????# #?######????# ###????????????? | | ####### ##########??# #??????????????? | | ! ## ## #??# """ ##??????????????? | | ## ## """ #??## """ #???????????????? | | """ ## ## "Y" #???#g """ #???????????????? | | """ # # #???# #???????????????? | | """ # #= #?###g #???????????????? | | """]+ " * #?#"" """ #???????????????? | | # #! #?#"" """ #???????????????? | | # # """ #?#"T """ +???????????????? | | " " ## ##[[ """ #?#"" #???????????????? | | "Y" ## ##[[ """ #?#"" a ! #???????????????? | | """ ## ## #?### """ #???????????????? | | ## ##########???# """ #???????????????? | | ####### #????????????# """ = #???????????????? | | ??????# #???????????## ss[%*#???????????????? | | ??????# #???????????# s = #???????????????? | | ??????#####???????????# @ #???????????????? | | ??????????????????????# #???????????????? | | ??????????????????????# "T" +???????????????? | | ??????????????????????# #???????????????? | | ??????????????????????# #???????????????? | | ??????????????????????#########+##???????????????? | | ??????????????????????????????? ????????????????? | | ????????????????????????????????[ ???????????????? | | ?????????????????????????????????????????????????? | | ?????????????????????????????????????????????????? | | ?????????????????????????????????????????????????? | | ?????????????????????????????????????????????????? | | ?????????????????????????????????????????????????? | | ?????????????????????????????????????????????????? | | | | | | | | | | | | | | | | | | | | | | | +----------------------------------------------------+ Best States ------------- Heat Dissipation 28 Energy Generation 12 Energy Capacity 265 Matter Stores 300 Matter Capacity 300 Sight Range 16 Robot Scan Range 20 Terrain Scan Density 10 Evasion (%) 44 Recoil Reduction 2 Item Schematics ----------------- None Robot Schematics ------------------ None Fabricated ------------ Nothing Alien Tech Used ----------------- None Achievements -------------- None Challenges ------------ None Game ------ Seed WaveProjectionAutobeam Manual? 0 Play Time 00:35:20 Cumulative 38.2 hours Start 2024.09.03 @ 11:07:24 End 2024.09.03 @ 11:40:53 Sessions 1 Manual Loads 0 Difficulty Rogue Special Mode None Game No. 39 Rogue 39 Adventurer 0 Explorer 0 Win Type - Total 0 Types 0/0/0/0/0/0/0/0/0 Lore% 14 Gallery% 20 Achievement% 21 Wizard Run 0 Options --------- Layout 0 ASCII 0 Keyboard 0 Movement Mouse Keybinds 0 Fullscreen 1 Font 16/TerminusTall Map View 75x55 Zoom Use 0% Tactical HUD 1 Map Filters NONE Filters NONE Steam 1 RUN: 2c85487a-d150-4645-96bc-3d289823fce4